 Dungeon Crawl Stone Soup version 0.26.1-11-gd32895ea62 (webtiles) character file.

Game seed: 14089119972223862816

48 Zeld the Twirler (level 3, 0/24 HPs)
             Began as an Octopode Gladiator on May 18, 2021.
             Slain by a goblin
             ... wielding a +0 club
              (1 damage)
             ... on level 2 of the Dungeon.
             The game lasted 00:01:26 (1408 turns).

Zeld the Twirler (Octopode Gladiator)               Turns: 1408, Time: 00:01:27

Health: 0/24       AC:  1    Str: 13    XL:     3   Next: 72%
Magic:  3/3        EV: 14    Int: 10    God:
Gold:   39         SH:  0    Dex: 14    Spells: 2/2 levels left

rFire    . . .     SeeInvis .   a - +0 quarterstaff
rCold    . . .     Faith    .   (shield currently unavailable)
rNeg     . . .     Spirit   .   b - +0 hat
rPois    .         Reflect  .   (no amulet)
rElec    .         Harm     .   (no ring)
rCorr    .         Rampage  .   (no ring)
Will     .....                  (no ring)
Stlth    ++........             (no ring)
HPRegen  0.08/turn              (no ring)
MPRegen  0.08/turn              (no ring)
                                (no ring)
                                (no ring)

@: no status effects
A: almost no armour, stealthy swim, amphibious, 8 rings, constrict 8, camouflage
1, gelatinous body 1
a: no special abilities


You were on level 2 of the Dungeon.
You visited 1 branch of the dungeon, and saw 2 of its levels.

You collected 39 gold pieces.

Inventory:

Hand Weapons
 a - a +0 quarterstaff (weapon)
Missiles
 c - 3 throwing nets (quivered)
Armour
 b - a +0 hat (worn)
Scrolls
 e - 4 scrolls of remove curse {unknown}
 f - a scroll of noise {unknown}
 h - a scroll of teleportation {unknown}
 k - 2 scrolls of fog {unknown}
Potions
 d - 2 potions of lignification {unknown}
 g - a potion of resistance {unknown}
 i - a potion of attraction {unknown}
 j - a potion of cancellation {unknown}


   Skills:
 - Level 2.0 Fighting
 * Level 3.9 Staves
 * Level 3.1 Throwing
 - Level 3.0 Dodging


You had 2 spell levels left.
You didn't know any spells.
Your spell library was empty.

Dungeon Overview and Level Annotations

Branches:
Dungeon (2/15)

Altars:


Innate Abilities, Weirdness & Mutations

You cannot wear most types of armour.
You are very stealthy in the water. (Stealth+)
You are amphibious.
You can wear up to eight rings at the same time.
You can use your tentacles to constrict eight enemies at once.
Your skin changes colour to match your surroundings (Stealth+).
Your rubbery body absorbs attacks. (AC +1, EV +1)


Message History

You are too injured to fight recklessly!
You completely miss the hobgoblin. You grab the hobgoblin.
You squeeze the hobgoblin.
You kill the hobgoblin!
The goblin shoots a stone.
The stone hits you!
* * * LOW HITPOINT WARNING * * *
The goblin shoots a stone.
The stone closely misses you.
Things that are here:
5 stones; 3 gold pieces The goblin shoots a stone.
The stone closely misses you.
The goblin shoots a stone.
The stone hits you.
* * * LOW HITPOINT WARNING * * *
You see here a stone.
The goblin shoots a stone.
The stone barely misses you.
The goblin unwields a +0 hunting sling.
The goblin wields a +0 club.
The goblin hits you with a +0 club.
* * * LOW HITPOINT WARNING * * *
You miss the goblin. Your grab misses the goblin.
The goblin hits you with a +0 club.
You die...

.....###.#.#....
...!?..
...#..##.......#
.......
#####..........#
....... ###...##.#.#
....>..
#.#†##...###.......
#..#......(.#.......
#.#####(..#(#†......
..?..(......g.....>.
######..##..@).......
#.# ###..#...... ...
#......... ....
...#....## #...
........## #...
####...## #... .#..


You could see a goblin.

Vanquished Creatures
  An adder (D:2)
  An ooze (D:1)
  A dart slug (D:1)
  A leopard gecko (D:1)
  8 goblins (D:1)
  2 hobgoblins
  3 jackals (D:1)
  3 bats
  2 frilled lizards
  4 kobolds
  5 rats
31 creatures vanquished.

Vanquished Creatures (others)
  11 plants (D:1)
11 creatures vanquished.

Grand Total: 42 creatures vanquished

Notes
Turn   | Place    | Note
-------+----------+-------------------------------------------
     0 | D:1      | Zeld the Octopode Gladiator began the quest for the Orb.
     0 | D:1      | Reached XP level 1. HP: 14/14 MP: 1/1
   335 | D:1      | Reached XP level 2. HP: 12/19 MP: 2/2
   799 | D:1      | Reached XP level 3. HP: 24/24 MP: 3/3
  1404 | D:2      | HP: 1/24 [goblin/stone (3)]
  1408 | D:2      | Slain by a goblin

Illustrated notes

Levels and vault maps discovered:
D:1:      eino_arrival_cavern_a, layout_basic, corexii_item_surrounded_by_moat,
          serial_bayou_lake_a
D:2:      layout_rooms, makhleb_grotto_becter,
          chequers_ecumenical_altar_simple_redux, minmay_hedge_maze,
          uniq_jessica

Skill      XL: |  1  2  3 |
---------------+----------+-----
Throwing       | 3 |  3.1
Fighting       | |  2.0
Staves         | |  3.9
Dodging        | |  3.0

Action                   || total
-------------------------++-------
Melee: Quarterstaff      ||    57
       Constrict         ||    17
       Tentacles         ||    10
 Stab: Sleeping          ||     4
Armor: Skin              ||     2
Dodge: Dodged            ||    46
